 Dungeon Crawl Stone Soup version 0.30.0-29-ga12c61a403 (webtiles) character file.

Game seed: 6621525034300706906

2330 Dadbod the Geomancer (level 9, -10/52 HPs)
             Began as a Formicid Earth Elementalist on June 4, 2023.
             Was an Initiate of Vehumet.
             Killed by divine providence
             ... invoked by an orc priest
              (12 damage)
             ... on level 7 of the Dungeon.
             The game lasted 00:25:37 (6486 turns).

Dadbod the Geomancer (Formicid Earth Elementalist)  Turns: 6486, Time: 00:25:37

Health: -10/52     AC: 15    Str: 13    XL:     9   Next: 69%
Magic:  17/19      EV: 11    Int: 19    God:    Vehumet [......]
Gold:   314        SH:  0    Dex: 14    Spells: 6/21 levels left

rFire   . . .        p - +1 quarterstaff
rCold   . . .        (no shield)
rNeg    . . .        h - +0 swamp dragon scales
rPois   +            (helmet unavailable)
rElec   .            (no cloak)
rCorr   .            d - +0 pair of gloves
SInv    +            (no boots)
Will    +....        (no amulet)
Stlth   ++           n - ring of willpower
HPRegen 0.28/turn    v - +4 ring of protection
MPRegen 0.16/turn

%: no passive effects
@: no status effects
A: permanent stasis, dig shafts and tunnels, antennae 3, four strong arms,
iridescent scales 1, frail 1, sense surroundings 1
a: Dig, Shaft Self, Renounce Religion


You were on level 7 of the Dungeon.
You worshipped Vehumet.
Vehumet was noncommittal.
You visited 2 branches of the dungeon, and saw 8 of its levels.

You collected 314 gold pieces.

Inventory:

Hand Weapons
 g - a +0 whip
 l - a +0 giant club
 p - a +1 quarterstaff (weapon)
 u - a +3 dagger of venom
Armour
 d - a +0 pair of gloves (worn)
 h - +0 swamp dragon scales (worn)
Jewellery
 n - a ring of willpower (left hand)
 v - a +4 ring of protection (right hand)
 x - a ring of willpower
Wands
 e - a wand of light (15)
 r - a wand of charming (3)
Scrolls
 f - 2 scrolls of summoning
 j - a scroll of magic mapping
 q - a scroll of fear
 s - 2 scrolls of poison
 y - a scroll of amnesia
 A - a scroll of acquirement {unknown}
Potions
 a - a potion of cancellation
 b - a potion of magic
 c - 4 potions of curing
 i - a potion of brilliance
 k - a potion of resistance
 m - a potion of berserk rage {unknown}
 o - 2 potions of ambrosia {unknown}
 t - 2 potions of might {unknown}
 w - a potion of heal wounds {unknown}


   Skills:
 - Level 0.6 Fighting
 - Level 0.3 Maces & Flails
 - Level 5.1 Armour
 - Level 2.2 Dodging
 - Level 2.7 Stealth
 - Level 0.4 Unarmed Combat
 - Level 6.8 Spellcasting
 - Level 2.6 Conjurations
 - Level 1.1 Necromancy
 - Level 3.3 Transmutations
 + Level 1.0 Air Magic
 - Level 8.6 Earth Magic
 + Level 1.7 Poison Magic
 - Level 3.1 Evocations


You had 6 spell levels left.
You knew the following spells:

 Your Spells              Type           Power      Damage    Failure   Level
a - Sandblast             Erth           78%        2d17      1%          1
b - Passwall              Tmut/Erth      24%        N/A       2%          2
c - Stone Arrow           Conj/Erth      54%        3d10      6%          3
d - Petrify               Tmut/Erth      29%        N/A       17%         4
e - Sublimation of Blood  Necr           10%        N/A       19%         2
f - Mephitic Cloud        Conj/Pois/Air  13%        N/A       30%         3

Your spell library contained the following spells:

 Spells                   Type           Power      Damage    Failure   Level
 Wereblood                Tmut           19%        N/A       8%          2
 Poisonous Vapours        Pois/Air       22%        N/A       19%         2
 Freezing Cloud           Conj/Ice/Air   5%         6-21      98%         5
 Summon Hydra             Summ           3%         N/A       100%        7


Dungeon Overview and Level Annotations

Branches:
Dungeon (7/15)             Temple (1/1) D:7

Altars:
Ashenzari
Cheibriados
Elyvilon
Fedhas
Gozag
Kikubaaqudgha
Nemelex Xobeh
Okawaru
Ru
Sif Muna
Trog
Uskayaw
Vehumet
Wu Jian
Yredelemnul
Zin


Innate Abilities, Weirdness & Mutations

You cannot be hasted, slowed, berserked, paralysed or teleported.
You can dig through walls and to a lower floor.
You have a pair of large antennae on your head. (SInv)
Your four strong arms can wield two-handed weapons with a shield.
You are partially covered in iridescent scales. (AC +2)
You are frail. (-10% HP)
You passively map a small area around you.


Message History

Casting: Sandblast (safe; 1% risk of failure)
Confirm with . or Enter, or press ? or * to list all spells.
Aiming: Sandblast (safe; 1% risk of failure)
Press: ? - help, Shift-Dir - straight line, f - orc
Aim: an orc, wielding a +0 hand axe and quivering boomerangs (84% to hit)
The blast of sand hits the orc!!
You kill the orc!
Vehumet accepts your kill.
The orc priest calls down the wrath of Beogh upon you.
Beogh smites you!
The orc priest mumbles some strange prayers to Beogh against you.
Beogh smites you!
Okay, then.
Okay, then.
The orc priest calls down the wrath of Beogh upon you.
Beogh smites you!
* * * LOW HITPOINT WARNING * * *
The orc warrior attacks as you move away!
The orc warrior hits you with a +0 battleaxe!
* * * LOW HITPOINT WARNING * * *
You feel better.
The orc warrior hits you with a +0 battleaxe.
* * * LOW HITPOINT WARNING * * *
You feel better. The orc warrior barely misses you.
Casting: Sandblast (safe; 1% risk of failure)
Confirm with . or Enter, or press ? or * to list all spells.
Aiming: Passwall (safe; 2% risk of failure)
Press: ? - help, Dir - move target A rock wall.
The orc warrior hits you with a +0 battleaxe!
* * * LOW HITPOINT WARNING * * *
You begin to meditate on the wall.
You continue meditating on the rock.
The orc priest calls down the wrath of Beogh upon you.
Beogh smites you!
* * * LOW HITPOINT WARNING * * *
The orc warrior barely misses you.
You continue meditating on the rock.
The orc priest invokes the aid of Beogh against you.
Beogh smites you!
You die...

### ##.## #.., ...# * *
#.# **#..# , * * #.# #..#
, ##.#####..#####.. ..#
#####>..........)oo......
#......#####..#######...#
#.####...###o.# #.#.# *
#...@oo..##### #.#.# ,
#.####.......# #.#.#
#.#..#.......# #.#.#
#.#..........# #.#.## #.
#.#...#......###.#<..
#.####.#.......#####......
#......#'#.##..#####......
#.......................
+.........#......#......


You could see an orc warrior and 2 orc priests.

Vanquished Creatures
  A troll (D:7)
  Edmund (D:6)
  Duvessa (D:7)
  An orc warrior (D:7)
  A sky beast (D:7)
  A black bear (D:6)
  2 ice beasts
  A centaur (D:5)
  2 ogres
  2 phantoms
  A bullfrog (D:7)
  2 scorpions
  4 wights (D:6)
  Dowan (D:7)
  2 jellies
  2 orc priests (D:7)
  A hound (D:5)
  Natasha (thrice) (D:2)
  An iguana (D:5)
  2 sleepcaps
  4 orc wizards
  6 adders
  2 white imps (D:7)
  2 worms (D:2)
  A dart slug (D:3)
  17 orcs
  6 endoplasms
  2 giant cockroaches
  5 goblins
  7 hobgoblins
  2 jackals (D:2)
  6 quokkas
  8 ball pythons
  5 bats
  2 frilled lizards (D:1)
  5 kobolds
  5 rats
117 creatures vanquished.

Vanquished Creatures (collateral kills)
  A wight (D:6)
1 creature vanquished.

Grand Total: 118 creatures vanquished

Notes
Turn   | Place    | Note
-------+----------+-------------------------------------------
     0 | D:1      | Dadbod the Formicid Earth Elementalist began the quest for
                  | the Orb.
     0 | D:1      | Reached XP level 1. HP: 13/13 MP: 3/3
   276 | D:1      | Reached XP level 2. HP: 19/19 MP: 0/5
   281 | D:1      | Reached skill level 4 in Earth Magic
   659 | D:1      | Reached XP level 3. HP: 24/24 MP: 4/6
  1060 | D:2      | Noticed Natasha
  1063 | D:2      | Killed Natasha
  1064 | D:2      | Reached XP level 4. HP: 18/30 MP: 5/8
  1138 | D:2      | Noticed an ogre
  1140 | D:2      | Reached skill level 1 in Armour
  1169 | D:2      | Killed an ogre
  1170 | D:2      | Reached skill level 5 in Earth Magic
  1170 | D:2      | Reached XP level 5. HP: 8/35 MP: 5/10
  1573 | D:2      | Noticed Natasha
  1576 | D:2      | Killed Natasha
  1646 | D:2      | Reached XP level 6. HP: 41/41 MP: 9/11
  2177 | D:2      | Noticed Natasha
  2179 | D:2      | Killed Natasha
  2251 | D:3      | You fall into a shaft and drop 3 floors!
  2259 | D:6      | Reached skill level 6 in Earth Magic
  2272 | D:5      | Entered Level 5 of the Dungeon
  2675 | D:3      | Gained mutation: You passively map a small area around you.
                  | [potion of mutation]
  2675 | D:3      | Gained mutation: You are frail. (-10% HP) [potion of
                  | mutation]
  2675 | D:3      | Gained mutation: You are partially covered in iridescent
                  | scales. (AC +2) [potion of mutation]
  3391 | D:4      | Reached XP level 7. HP: 29/42 MP: 2/12
  4498 | D:5      | Reached skill level 7 in Earth Magic
  4502 | D:5      | Reached XP level 8. HP: 45/47 MP: 7/15
  4505 | D:5      | Learned a level 2 spell: Passwall
  4509 | D:5      | Learned a level 3 spell: Stone Arrow
  4514 | D:5      | Learned a level 4 spell: Petrify
  4608 | D:5      | Reached skill level 5 in Spellcasting
  5236 | D:6      | Reached skill level 1 in Conjurations
  5325 | D:6      | Found a white marble altar of Elyvilon.
  5399 | D:6      | Reached skill level 1 in Evocations
  5477 | D:6      | Found a snail-covered altar of Cheibriados.
  5633 | D:6      | Noticed Edmund
  5655 | D:6      | Killed Edmund
  5656 | D:6      | Reached skill level 8 in Earth Magic
  5656 | D:6      | Reached XP level 9. HP: 34/52 MP: 10/18
  5835 | D:7      | Noticed a troll
  5854 | D:7      | Killed a troll
  5855 | D:7      | Reached skill level 5 in Armour
  6052 | D:7      | Noticed Dowan
  6055 | D:7      | Noticed Duvessa
  6067 | D:7      | Killed Duvessa
  6084 | D:7      | Killed Dowan
  6225 | D:7      | Learned a level 2 spell: Sublimation of Blood
  6227 | D:7      | Found a staircase to the Ecumenical Temple.
  6238 | D:7      | Reached skill level 1 in Necromancy
  6239 | Temple   | Entered the Ecumenical Temple
  6273 | Temple   | Became a worshipper of Vehumet
  6327 | D:7      | Learned a level 3 spell: Mephitic Cloud
  6448 | D:7      | Reached skill level 1 in Poison Magic
  6475 | D:7      | Reached skill level 1 in Air Magic
  6485 | D:7      | HP: 1/52 [orc priest/divine providence (11)]
  6486 | D:7      | Killed from afar by an orc priest

Illustrated notes

Levels and vault maps discovered:
D:1:      amcnicky_arrival_double_pillar, layout_loops_ring, moated_statue,
          grunt_decor_cap
D:2:      layout_basic, kennysheep_doodads, uniq_natasha
D:3:      layout_basic
D:4:      layout_cave_pods, minmay_misc_feat_tower
D:5:      layout_loops_corners
D:6:      layout_gridville, general_overflow_altar, kennysheep_little_box,
          uniq_edmund
D:7:      layout_basic, minmay_temple_entry_tees, uniq_joseph, uniq_duvessa
Temple:   hellmonk_temple_of_storms

Skill      XL: |  1  2  3  4  5  6  7  8  9 |
---------------+----------------------------+-----
Earth Magic    | 4 5 6 7 8 |  8.6
Dodging        | 2 |  2.2
Armour         | 2 3 4 5 |  5.1
Spellcasting   | 3 4 6 |  6.8
Transmutations | 2 3 |  3.3
Conjurations   | 2 |  2.6
Evocations     | 2 3 |  3.1
Necromancy     | 1 |  1.1
Poison Magic   | 1 |  1.7
Air Magic      | 1 |  1.0
Fighting       | |  0.6
Maces & Flails | |  0.3
Stealth        | |  2.7
Unarmed Combat | |  0.4

Action                     |  1- 3 |  4- 6 |  7- 9 || total
---------------------------+-------+-------+-------++-------
  Melee: Unarmed           |    22 |       |       ||    22
         Whip              |     2 |       |       ||     2
         Giant club        |       |    12 |       ||    12
         Quarterstaff      |       |    11 |       ||    11
         Punch             |       |     1 |       ||     1
   Cast: Sandblast         |    31 |    69 |   104 ||   204
         Stone Arrow       |       |       |     7 ||     7
         Passwall          |       |       |     1 ||     1
    Use: Scroll            |       |    10 |     9 ||    19
         Potion            |       |     1 |     2 ||     3
 Armour: Robe              |     4 |       |       ||     4
         Swamp dragon scal |     1 |    14 |    21 ||    36
  Dodge: Dodged            |    17 |    30 |    28 ||    75
